Map: Dreamcatcher LE

Players

Marzbar - Winner!

  • Race: Zerg Zerg
  • League: Diamond
  • Spawn Location: 11:00

Vutalisk

  • Race: Zerg Zerg
  • League: Diamond
  • Spawn Location: 5:00

VOD

Have the link to the VOD?

Description

Time

  • Played on: June 21, 2018, midnight
  • Length: 11:59
Show
View Real Time Build Order
Export as new Build Order

Marzbar Zerg - Winner!

Build Orders: Hatch First, Lurkers 

Get SALT Encoding   

  12  0:01  Drone  
  13  0:13  Overlord  
  13  0:19  Drone  
  14  0:32  Drone  
  14  0:33  Drone  
  16  0:36  Drone  
  17  0:52  Hatchery  
  17  0:55  Drone  
  17  1:00  Drone  
  17  1:02  Extractor  
  17  1:18  Spawning Pool, Drone  
  17  1:21  Drone  
  18  1:28  Drone  
  19  1:39  Overlord  
  19  2:04  Queen x2  
  19  2:05  Zergling x4  
  25  2:09  Metabolic Boost  
  25  2:10  Drone  
  25  2:14  Drone  
  27  2:17  Drone  
  28  2:27  Drone, Extractor  
  28  2:28  Drone  
  29  2:33  Drone  
  29  2:36  Overlord  
  30  2:50  Roach Warren  
  29  2:52  Drone  
  29  2:55  Overlord  
  29  2:56  Drone  
  30  3:07  Overlord  
  30  3:08  Drone x2  
  31  3:22  Overlord  
  31  3:30  Roach x3  
  31  3:31  Roach  
  39  3:34  Roach  
  39  3:38  Roach  
  41  3:52  Roach x3  
  41  3:55  Drone  
  47  4:04  Roach x2  
  51  4:14  Overlord  
  51  4:18  Overlord  
  51  4:27  Overlord  
  51  4:28  Overlord  
  51  4:35  Roach  
  51  4:36  Roach  
  43  4:51  Drone x4  
  47  4:53  Evolution Chamber  
  46  5:00  Roach x2  
  46  5:03  Drone x2  
  50  5:19  Drone x2  
  50  5:20  Drone x3  
  51  5:23  Spine Crawler  
  48  5:31  Drone x2  
  48  5:32  Drone x2  
  52  5:41  Drone x2  
  52  5:42  Drone  
  53  5:44  Extractor  
  52  5:50  Zerg Missile Weapons Level 1  
  52  5:52  Ravager x3  
  52  5:53  Ravager  
  52  5:54  Zergling x6  
  59  6:10  Zergling x4  
  59  6:11  Zergling x2  
  62  6:12  Hatchery  
  61  6:23  Lair  
  61  6:25  Drone x3  
  63  6:27  Evolution Chamber, Drone x2  
  65  6:50  Overlord x2  
  65  6:51  Roach x3  
  67  7:05  Zerg Ground Armor Level 1  
  66  7:10  Drone  
  66  7:11  Queen, Drone x4, Extractor  
  72  7:20  Hydralisk Den  
  72  7:22  Roach  
  73  7:27  Queen  
  73  7:28  Drone x3  
  78  7:34  Drone  
  79  7:38  Overlord x2  
  79  7:43  Overlord  
  79  7:44  Overlord  
  79  7:45  Drone x3  
  82  7:56  Hydralisk x5  
  82  7:57  Lurker Den  
  91  8:06  Drone  
  91  8:07  Drone x4  
  91  8:09  Zerg Missile Weapons Level 2  
  91  8:10  Glial Reconstitution  
  96  8:27  Spine Crawler  
  96  8:30  Spine Crawler  
  94  8:38  Hydralisk x4  
  94  8:39  Hydralisk  
  94  8:40  Overlord x2  
  94  8:41  Drone x5  
  109  8:58  Drone  
  109  8:59  Spore Crawler, Drone x3, Extractor x2  
  109  9:00  Spore Crawler  
  109  9:14  Hatchery  
  109  9:15  Overlord x2  
  109  9:24  Lurker  
  109  9:25  Lurker x8  
  109  9:26  Overseer  
  109  9:29  Overseer  
  117  9:37  Zergling x10  
  117  9:38  Zergling x2  
  123  9:41  Zergling x8  
  127  9:46  Hydralisk  
  127  9:47  Hydralisk x2  
  127  9:49  Overlord x2  
  127  9:50  Drone x2  
  124  10:21  Hydralisk  
  124  10:22  Hydralisk x7  
  127  10:37  Hydralisk  
  127  10:38  Hydralisk x3  
  129  10:49  Hydralisk  
  127  10:50  Hydralisk, Zergling x2  
  127  10:51  Zergling x6  
  130  11:18  Hydralisk  
  130  11:19  Hydralisk x6  
  130  11:20  Zergling x8  
  144  11:37  Hatchery  
  135  11:40  Drone x6  
  135  11:41  Drone  
  135  11:42  Overseer  
Show
View Real Time Build Order
Export as new Build Order

Vutalisk Zerg 

Build Orders: Hatch First, Lurkers 

Get SALT Encoding   

  12  0:01  Drone  
  13  0:08  Drone  
  14  0:15  Extractor  
  14  0:16  Drone  
  15  0:23  Overlord  
  15  0:42  Drone  
  16  0:51  Hatchery  
  15  1:03  Extractor  
  14  1:06  Spawning Pool  
  14  1:10  Drone  
  14  1:15  Drone  
  14  1:18  Drone  
  16  1:23  Drone  
  17  1:32  Drone  
  18  1:42  Drone  
  19  1:53  Queen  
  21  1:54  Zergling x2  
  22  2:03  Queen  
  22  2:07  Metabolic Boost  
  24  2:10  Zergling x2  
  24  2:11  Drone  
  26  2:16  Drone  
  26  2:17  Drone  
  28  2:26  Overlord  
  28  2:42  Baneling Nest  
  28  2:43  Drone  
  28  2:44  Drone  
  28  2:47  Drone  
  30  2:55  Zergling x2  
  32  2:58  Drone  
  32  2:59  Drone  
  33  3:10  Drone x2  
  36  3:20  Overlord, Drone  
  36  3:48  Hatchery  
  34  3:55  Zergling x4  
  34  3:59  Zergling x4  
  34  4:00  Zergling x4  
  34  4:01  Roach Warren  
  38  4:07  Spine Crawler, Zergling x2  
  38  4:08  Queen, Zergling x2  
  41  4:10  Spine Crawler  
  41  4:17  Spine Crawler  
  39  4:19  Zergling x2  
  39  4:20  Zergling x2  
  39  4:21  Spine Crawler  
  40  4:24  Queen  
  41  4:34  Zergling x8  
  41  4:37  Zergling x2  
  41  4:49  Overlord  
  41  4:51  Drone  
  43  5:01  Overlord  
  43  5:09  Drone  
  43  5:10  Drone  
  43  5:13  Drone x2  
  43  5:14  Drone  
  46  5:16  Drone  
  46  5:17  Drone  
  47  5:22  Drone  
  47  5:28  Drone  
  48  5:29  Evolution Chamber  
  48  5:35  Drone  
  48  5:36  Drone  
  48  5:38  Lair  
  48  5:40  Drone x2, Extractor  
  50  5:43  Hatchery  
  50  5:48  Roach x2  
  53  5:55  Roach  
  53  5:56  Roach  
  53  5:57  Roach  
  59  6:05  Overlord  
  59  6:07  Zerg Missile Weapons Level 1  
  59  6:13  Overlord  
  59  6:19  Overlord  
  59  6:23  Roach  
  59  6:25  Roach x3  
  71  6:32  Roach  
  71  6:33  Roach x3  
  71  6:34  Drone  
  71  6:35  Glial Reconstitution  
  71  6:36  Extractor  
  71  6:39  Roach x2  
  79  6:45  Overlord, Evolution Chamber  
  78  6:50  Overlord  
  78  6:53  Extractor  
  77  7:01  Drone x2  
  77  7:02  Drone  
  77  7:03  Drone  
  77  7:05  Drone  
  77  7:06  Drone  
  77  7:07  Pneumatized Carapace  
  83  7:16  Overlord  
  83  7:17  Drone x2  
  83  7:20  Drone x2  
  83  7:21  Drone  
  88  7:23  Drone  
  88  7:25  Hydralisk Den  
  88  7:28  Overlord  
  92  7:30  Roach x3, Drone  
  92  7:32  Drone  
  92  7:33  Drone  
  92  7:34  Drone  
  98  7:39  Overlord  
  98  7:46  Drone x2  
  98  7:50  Ravager x2  
  102  8:02  Drone x3, Extractor  
  102  8:04  Ravager x2  
  106  8:06  Overlord  
  106  8:18  Overlord  
  106  8:29  Muscular Augments  
  106  8:31  Lurker Den  
  106  8:32  Drone x3  
  108  8:36  Extractor  
  107  8:42  Overlord  
  107  8:46  Drone x2  
  109  8:51  Hydralisk x2  
  113  8:56  Drone x3  
  113  8:57  Extractor  
  113  9:00  Hatchery  
  113  9:01  Hydralisk x5  
  124  9:02  Queen  
  124  9:03  Overlord, Extractor  
  125  9:11  Drone  
  125  9:12  Drone x3  
  125  9:13  Hydralisk, Drone x2  
  125  9:14  Hydralisk  
  135  9:31  Zerg Missile Weapons Level 2  
  135  9:34  Overseer  
  135  9:41  Grooved Spines  
  135  9:53  Hydralisk x7  
  135  9:57  Overseer  
  148  10:09  Hydralisk x3  
  148  10:12  Lurker x2  
  150  10:22  Hydralisk  
  150  10:23  Hydralisk  
  150  10:26  Lurker  
  143  10:34  Hydralisk x3  
  100  10:36  Hydralisk  
  100  10:41  Hydralisk x2  
  96  10:44  Hydralisk  
  96  10:48  Hydralisk  
  91  10:54  Zergling x24  
  96  11:02  Lurker  
  97  11:09  Zergling x6  
  97  11:15  Zergling x2  
  97  11:17  Lurker  
  98  11:18  Baneling x2  
  98  11:21  Zergling x6  
  87  11:35  Hatchery  
Tags
 
Add a new tag
Caveats
  • Supply blocks, unpowered buildings, or Contaminate may cause inaccurate times.
  • Supply counts are checked every 10 seconds.